 Seeded DCSS version 0.32-a0-22-g6ae6769602 (webtiles) character file.

Game seed: 9872065412798756122 (custom seed)

1158 timneilson the Ruffian (level 8, -13/54 HPs)
             Began as an Octopode Shapeshifter on Jan 18, 2024.
             Was an Initiate of Gozag.
             Mangled by an ice beast (14 damage)
             ... on level 5 of the Dungeon.
             The game lasted 00:09:38 (4541 turns).

timneilson the Ruffian (Octopode Shapeshifter)      Turns: 4541, Time: 00:09:38

Health: -13/54     AC:  3    Str: 14    XL:     8   Next: 39%
Magic:  0/8        EV: 14    Int: 17    God:    Gozag
Gold:   1407       SH:  0    Dex: 10    Spells: 7/7 levels left

rFire   . .          .
                       - Unarmed
rCold   . . .        (no shield)
rNeg    . . .        (helmet currently unavailable)
rPois   .            j - amulet of guardian spirit
rElec   .            (no ring)
rCorr   .            (no ring)
SInv    .            (no ring)
Will    .....        (no ring)
Stlth   +++          (no ring)
HPRegen 0.29/turn    (no ring)
MPRegen 0.11/turn    (no ring)
                     (no ring)

%: guardian spirit
@: about to teleport, beast-form
A: beast (slay +2), almost no armour, amphibious, 8 rings, camouflage 1,
gelatinous body 1, (nimble swimmer 1), tentacles, iridescent scales 1, clever 1
a: Begin Untransformation, Renounce Religion, Potion Petition, Call Merchant,
Bribe Branch


You were on level 5 of the Dungeon.
You worshipped Gozag.
Gozag was most pleased with you.
You were a hulking beast.
You visited 1 branch of the dungeon, and saw 5 of its levels.

You collected 1447 gold pieces.
You paid 40 gold pieces to Gozag.

Inventory:

Jewellery
 j - an amulet of guardian spirit (around mantle)
Talismans
 b - a beast talisman
 c - a flux talisman
 n - a talisman of death
Scrolls
 d - 3 scrolls of revelation
 g - a scroll of fear
 h - a scroll of fog
 i - 3 scrolls of brand weapon
 k - a scroll of poison
 m - 2 scrolls of amnesia
Potions
 a - 2 potions of curing {unknown}
 e - a potion of brilliance {unknown}
 f - 3 potions of magic
 l - a potion of enlightenment
 o - a potion of mutation


   Skills:
 * Level 4.4 Fighting
 * Level 4.9 Dodging
 + Level 4.4 Stealth
 * Level 5.4 Unarmed Combat
 * Level 5.1 Shapeshifting


You had 7 spell levels left.
You didn't know any spells.
Your spell library contained the following spells:

 Spells                   Type           Power      Damage    Failure   Level
 Call Imp                 Summ           0%         N/A       34%         2
 Ensorcelled Hibernation  Hex/Ice        0%         N/A       34%         2
 Sublimation of Blood     Necr           0%         N/A       34%         2
 Passwall                 Erth           0%         N/A       56%         3
 Swiftness                Air            0%         N/A       56%         3
 Summon Hydra             Summ           0%         N/A       100%        7


Dungeon Overview and Level Annotations

Branches:
Dungeon (5/15)             Temple (0/1) D:5

Altars:
Cheibriados
Dithmenos
Gozag
Nemelex Xobeh
Xom

Shops:
D:1 :

Annotations:
D:4 2 runed translucent doors, fozzywoppz's ghost, amateur KoBr


Innate Abilities, Weirdness & Mutations

You are a hulking beast.
Your limbs bulge with bestial killing power. (Slay +2)
You cannot wear most types of armour.
You are amphibious.
You can wear up to eight rings at the same time.
Your skin changes colour to match your surroundings (Stealth+).
Your rubbery body absorbs attacks. (AC +1, EV +1)
((You are camouflaged when in or above water. (Stealth+)))
You have tentacles for arms and can constrict up to eight enemies at once.
You are partially covered in iridescent scales. (AC +2)
Your mind is acute. (Int +4, Str/Dex -1)


Message History

An ice beast comes into view.
Found a scroll of teleportation.
A bombardier beetle comes into view.
The ice beast attacks as it pursues you!
The ice beast hits you. The ice beast freezes you!
You tentacle-slap the ice beast. You squeeze the ice beast.
The ice beast is moderately wounded.
The ice beast misses you.
You barely miss the ice beast. Your squeeze misses the ice beast.
The ice beast is moderately wounded.
The ice beast misses you.
You bludgeon the ice beast! Your squeeze misses the ice beast.
The ice beast is heavily wounded.
The ice beast hits you. The ice beast freezes you.
You completely miss the ice beast.
The ice beast is heavily wounded.
The ice beast hits you. The ice beast freezes you!
You tentacle-slap the ice beast. Your squeeze misses the ice beast.
The ice beast is severely wounded.
You tentacle-slap the ice beast but do no damage.
Your squeeze misses the ice beast.
The ice beast is severely wounded.
The ice beast hits you. The ice beast freezes you!
* * * LOW HITPOINT WARNING * * *
You tentacle-slap the ice beast but do no damage.
The ice beast is severely wounded.
The ice beast barely misses you.
It was a potion of mutation.
You feel extremely strange.
You feel clever.
Iridescent scales grow over part of your body.
The ice beast hits you.
* * * LOW HITPOINT WARNING * * *
The ice beast freezes you.
* * * LOW HITPOINT WARNING * * *
As you read the scroll of teleportation, it crumbles to dust.
You feel strangely unstable. The ice beast hits you.
* * * LOW HITPOINT WARNING * * *
The ice beast freezes you!
You die...
Your body crumbles into a pile of gold.

...# #.# ..# ...###..# #..
....#..# .# .. ......# <.
##.# ..#...#####.## #..#
..#..........#####.# #
........###........###....
...####.# #.# #.Y...O..#
#### #.# #.###h##.....#
#.# #.....# .....#
#.####..#### .B.?...
#######.[....## .......
......).....## #######
#############


You could see an ice beast and an ogre (wandering).

Vanquished Creatures
  Sigmund (D:3)
  An ogre (D:4)
  2 black bears
  A centaur (D:4)
  A kobold brigand (D:3)
  Blork the orc (D:4)
  A bullfrog (D:5)
  A scorpion (D:5)
  The ghost of IdlyInterested the Cutter, a weakling DsGl (D:3)
  2 jellies (D:4)
  2 hounds
  An orc priest (D:5)
  A sleepcap (D:4)
  2 iguanas
  4 adders
  A dart slug (D:4)
  2 ribbon worms
  12 orcs
  A bat (D:1)
  10 endoplasms
  A giant cockroach (D:2)
  6 goblins
  10 hobgoblins
  A quokka (D:4)
  2 ball pythons
  2 frilled lizards (D:1)
  12 kobolds
  4 rats
86 creatures vanquished.

Notes
Turn   | Place    | Note
-------+----------+-------------------------------------------
     0 | D:1      | timneilson the Octopode Shapeshifter began the quest for
                  | the Orb.
     0 | D:1      | Reached XP level 1. HP: 13/13 MP: 1/1
   239 | D:1      | Found Logiotz's Book Emporium.
   307 | D:1      | Reached XP level 2. HP: 17/18 MP: 2/2
  1205 | D:2      | Reached XP level 3. HP: 23/23 MP: 3/3
  1342 | D:2      | Reached skill level 1 in Stealth
  1435 | D:2      | Found a faded altar of an unknown god.
  2114 | D:3      | Found a shadowy altar of Dithmenos.
  2117 | D:3      | Found a shimmering altar of Xom.
  2172 | D:3      | Noticed a kobold brigand
  2183 | D:3      | Noticed Sigmund
  2203 | D:3      | Killed Sigmund
  2204 | D:3      | Reached XP level 4. HP: 23/30 MP: 2/4
  2204 | D:3      | Reached XP level 5. HP: 26/35 MP: 2/5
  2288 | D:3      | Reached XP level 6. HP: 38/41 MP: 4/6
  2566 | D:3      | Found a runed translucent gate.
  2573 | D:3      | Found a sparkling altar of Nemelex Xobeh.
  2573 | D:3      | Found an opulent altar of Gozag.
  2579 | D:3      | Became a worshipper of Gozag Ym Sagoz the Greedy
  2590 | D:3      | Found a runed translucent gate.
  2591 | D:3      | Found a runed translucent gate.
  2591 | D:3      | Identified the +2 leather armour of Nubi {rElec Regen+}
  2597 | D:3      | Noticed IdlyInterested's ghost (weakling DsGl)
  2635 | D:3      | Killed IdlyInterested's ghost
  2828 | D:4      | Found a runed translucent door.
  2829 | D:4      | Noticed fozzywoppz's ghost (amateur KoBr)
  2868 | D:4      | Noticed a black bear
  2876 | D:4      | Killed a black bear
  2877 | D:4      | Reached XP level 7. HP: 46/46 MP: 5/7
  2986 | D:4      | Found a runed translucent door.
  3023 | D:4      | Found a snail-covered altar of Cheibriados.
  3585 | D:4      | Noticed Blork the orc
  3593 | D:4      | Killed Blork the orc
  4050 | D:5      | Entered Level 5 of the Dungeon
  4091 | D:4      | Reached skill level 5 in Unarmed Combat
  4140 | D:5      | Reached XP level 8. HP: 43/54 MP: 6/8
  4282 | D:5      | Reached skill level 5 in Shapeshifting
  4284 | D:5      | Found a staircase to the Ecumenical Temple.
  4316 | D:4      | Identified a scroll of acquirement
  4316 | D:4      | Acquired 950 gold pieces
  4540 | D:5      | Gained mutation: Your mind is acute. (Int +4, Str/Dex -1)
                  | [potion of mutation]
  4540 | D:5      | Gained mutation: You are partially covered in iridescent
                  | scales. (AC +2) [potion of mutation]
  4541 | D:5      | HP: 1/54 [ice beast (2)]
  4541 | D:5      | Mangled by an ice beast

Illustrated notes

Levels and vault maps discovered:
D:1:      dpeg_arrival_stone_temple_mockup, layout_loops_corners, serial_shops,
          shop, minmay_split_cup_large
D:2:      layout_basic, chequers_ecumenical_altar_grove, chequers_jeans
D:3:      cheibrodos_thug_alley, layout_rooms, grunt_temple_overflow_opulence,
          grunt_temple_overflow_open, biasface_ghost_orc_armoury, uniq_sigmund
D:4:      minmay_razor_zed, layout_gridville, cheibriados_altar_1,
          ebering_ghost_sewer_f, serial_bayou, serial_bayou_pond_d,
          serial_bayou_shore_b, serial_bayou_pond_a, serial_bayou_shore_b,
          uniq_blork_the_orc
D:5:      layout_rooms, lemuel_doored_altar, lemuel_zombie_altar_yredelemnul,
          minmay_temple_entry_overgrown, nicolae_underground_beach

Skill      XL: |  1  2  3  4  5  6  7  8 |
---------------+-------------------------+-----
Stealth        | 2 3 4 |  4.4
Fighting       | 2 3 4 |  4.4
Dodging        | 3 4 |  4.9
Unarmed Combat | 4 5 |  5.4
Shapeshifting  | 4 5 |  5.1

Action                     |  1- 3 |  4- 6 |  7- 9 || total
---------------------------+-------+-------+-------++-------
  Melee: Unarmed           |    69 |    53 |    94 ||   216
         Constrict         |    17 |     9 |    18 ||    44
         Tentacles         |    13 |    13 |    22 ||    48
         Punch             |     1 |     4 |     3 ||     8
    Use: Scroll            |    11 |     2 |     3 ||    16
         Potion            |     1 |     1 |     5 ||     7
   Stab: Sleeping          |    11 |       |     6 ||    17
         Distracted        |       |     2 |       ||     2
 Armour: Skin              |    27 |    21 |    50 ||    98
  Dodge: Dodged            |    37 |    19 |    66 ||   122

Table legend: (Time is in decaauts)
 A = Elapsed time spent in this place.
 B = Non-inter-level travel time spent in this place.
 C = Inter-level travel time spent in this place.
 D = Time resting spent in this place.
 E = Time spent auto-exploring this place.
 F = Levels seen in this place.
 G = Mean time per level.
                   A        B        C        D        E       F      G
               +--------+--------+--------+--------+--------+-----+--------+
         Total |   4525 |   4351 |    174 |    408 |   2833 |   5 |  905.0 |
       Dungeon |   4525 |   4351 |    174 |    408 |   2833 |   5 |  905.0 |
               +--------+--------+--------+--------+--------+-----+--------+

Top non-repeatable levels by time:
     D:4: 1373 daAuts
     D:1: 987 daAuts
     D:3: 933 daAuts
     D:2: 894 daAuts
     D:5: 336 daAuts
